 Dungeon Crawl Stone Soup version 0.29.1-15-g9cfb28693d (webtiles) character file.

Game seed: 8612501032787630897

324 H0rd4k the Trooper (level 6, 0/42 HPs)
             Began as an Octopode Artificer on Mar 15, 2023.
             Succumbed to a gnoll's poison
             ... on level 4 of the Dungeon.
             The game lasted 00:02:57 (3147 turns).

H0rd4k the Trooper (Octopode Artificer)             Turns: 3147, Time: 00:02:58

Health: 0/42       AC:  1    Str: 12    XL:     6   Next: 48%
Magic:  10/10      EV: 13    Int: 15    God:
Gold:   138        SH:  0    Dex: 12    Spells: 10/10 levels left

rFire   . . .      SeeInvis .     - Unarmed
rCold   . . .      Faith    .   (no shield)
rNeg    . . .      Spirit   .   (helmet restricted)
rPois   .          Reflect  .   (no amulet)
rElec   .          Harm     .   (no ring)
rCorr   .          Rampage  .   (no ring)
Will    .....                   (no ring)
Stlth   +++.......              (no ring)
HPRegen 0.14/turn               (no ring)
MPRegen 0.12/turn               (no ring)
                                (no ring)
                                (no ring)

@: lethally poisoned (0 -> -18)
A: almost no armour, amphibious, 8 rings, camouflage 1, gelatinous body 1,
(nimble swimmer 1), tentacles
a: no special abilities


You were on level 4 of the Dungeon.
You visited 1 branch of the dungeon, and saw 4 of its levels.

You collected 138 gold pieces.

Inventory:

Wands
 b - a wand of flame (15) (quivered)
 d - a wand of iceblast (5)
 q - a wand of polymorph (9)
Scrolls
 a - a scroll of summoning {unknown}
 e - 2 scrolls of noise {unknown}
 f - 2 scrolls of fear {unknown}
 h - a scroll of butterflies {unknown}
 j - 6 scrolls of identify {unknown}
 k - 3 scrolls of teleportation {unknown}
 o - a scroll of vulnerability {unknown}
 p - a scroll of brand weapon {unknown}
 r - a scroll of silence {unknown}
 s - a scroll of enchant armour {unknown}
Potions
 g - a potion of lignification {unknown}
 i - a potion of flight {unknown}
 l - 2 potions of mutation {unknown}
 m - a potion of curing {unknown}
 n - a potion of invisibility {unknown}


   Skills:
 * Level 3.6 Fighting
 - Level 2.3 Dodging
 - Level 1.3 Stealth
 + Level 3.6 Unarmed Combat
 * Level 2.9 Spellcasting
 - Level 3.2 Evocations


You had 10 spell levels left.
You didn't know any spells.
Your spell library was empty.

Dungeon Overview and Level Annotations

Branches:
Dungeon (4/15)             Temple (0/1) D:4

Altars:
Cheibriados
Dithmenos
Vehumet

Annotations:
D:3 Robin


Innate Abilities, Weirdness & Mutations

You cannot wear most types of armour.
You are amphibious.
You can wear up to eight rings at the same time.
Your skin changes colour to match your surroundings (Stealth+).
Your rubbery body absorbs attacks. (AC +1, EV +1)
((You are camouflaged when in or above water. (Stealth+)))
You have tentacles for arms and can constrict up to eight enemies at once.


Message History

You feel your attacks grow feeble.
The gnoll shouts!
Aiming: Charm
Press: ? - help, Shift-Dir - straight line, f - gnoll
Aim: a gnoll, wielding a +0 halberd (chance to affect: 66%)
The gnoll is charmed.
You feel sick.
The gnoll hits you from afar with a +0 spear of venom!
Unknown command.
Aiming: Charm
Press: ? - help, Shift-Dir - straight line, f - gnoll, p - gnoll
Aim: a gnoll, wielding a +0 spear of venom (chance to affect: 66%)
Okay, then.
An orc wizard comes into view. It is wielding a +0 dagger.
You feel sick. The gnoll hits you but does no damage.
You are more poisoned.
The gnoll hits you from afar with a +0 spear!
Aiming: Charm
Press: ? - help, Shift-Dir - straight line, f - gnoll, p - gnoll
Aim: a gnoll, wielding a +0 spear of venom (chance to affect: 66%)
The gnoll struggles to resist.
You feel very sick. The gnoll barely misses you.
The gnoll completely misses you.
Your gnoll hits the gnoll with a +0 halberd!
The gnoll bouda barks out a call to the hunt!
The gnolls pick up the pace!
Aiming: Charm
Press: ? - help, Shift-Dir - straight line, f/p - gnoll
Aim: a gnoll, wielding a +0 spear of venom (severely wounded, covering ground quickly, ally target, chance to affect: 66%)
The gnoll struggles to resist.
You feel very sick.
The gnoll hits you with a +0 spear of venom!
* * * LOW HITPOINT WARNING * * *
You are more poisoned.
The gnoll barely misses you.
Your gnoll completely misses the gnoll.
Aiming: Charm
Press: ? - help, Shift-Dir - straight line, f/p - gnoll
Aim: a gnoll, wielding a +0 spear of venom (severely wounded, covering ground quickly, ally target, chance to affect: 66%)
The gnoll struggles to resist.
The now-empty wand crumbles to dust.
Your attacks no longer feel as feeble.
You die...

######## .......
...........> ......#
##...########(
......###.....# #.
.....##§§..§§§######'
...#§§§§§§§§.#.....
#######..§§§.§§.........
.ooogggg..†.._§.§§......
#@§§.§§..§§§......
###§§§...§§§#.....
#########§....§§##.....
#......###§...§###.....
#......####...## #.....
#........#....+##+####'
#......................
#......................
#..................††..


You could see a gnoll bouda, an orc wizard, 2 gnolls, 2 orcs and a friendly
gnoll (charmed).

Vanquished Creatures
  Edmund (D:4)
  A hound (D:4)
  Jessica (D:2)
  A gnoll (D:2)
  3 adders
  A dart slug (D:1)
  An orc (D:3)
  10 ball pythons
  8 endoplasms
  2 giant cockroaches
  4 goblins
  8 hobgoblins
  6 jackals (D:3)
  11 kobolds
  2 quokkas
  4 bats
  A frilled lizard (D:3)
  4 rats
69 creatures vanquished.

Vanquished Creatures (collateral kills)
  2 gnolls (D:2)
  An adder (D:2)
  A dart slug (D:1)
  A goblin (D:2)
  A hobgoblin (D:2)
  A quokka (D:2)
  A rat (D:2)
8 creatures vanquished.

Vanquished Creatures (others)
  A giant cockroach (D:1)
  A hobgoblin (D:1)
2 creatures vanquished.

Grand Total: 79 creatures vanquished

Notes
Turn   | Place    | Note
-------+----------+-------------------------------------------
     0 | D:1      | H0rd4k the Octopode Artificer began the quest for the Orb.
     0 | D:1      | Reached XP level 1. HP: 13/13 MP: 1/1
   189 | D:1      | Reached XP level 2. HP: 18/18 MP: 1/3
   254 | D:1      | Reached skill level 1 in Spellcasting
   451 | D:1      | Reached XP level 3. HP: 3/24 MP: 3/5
   454 | D:1      | HP: 1/24 [bat (1)]
  1158 | D:2      | Reached skill level 1 in Unarmed Combat
  1171 | D:2      | Reached XP level 4. HP: 17/30 MP: 6/6
  1752 | D:2      | Noticed Jessica
  1764 | D:2      | Killed Jessica
  1882 | D:3      | Reached XP level 5. HP: 36/36 MP: 8/8
  1941 | D:3      | Noticed a water moccasin
  2088 | D:3      | Found a snail-covered altar of Cheibriados.
  2088 | D:3      | Found a radiant altar of Vehumet.
  2522 | D:3      | Noticed Robin
  2529 | D:4      | Noticed Edmund
  2583 | D:4      | Killed Edmund
  2584 | D:4      | Reached XP level 6. HP: 32/42 MP: 8/10
  3083 | D:4      | Found a staircase to the Ecumenical Temple.
  3136 | D:4      | Found a shadowy altar of Dithmenos.
  3147 | D:4      | Succumbed to a gnoll's poison

Illustrated notes

Levels and vault maps discovered:
D:1:      psy_arrival_heroes, layout_basic
D:2:      layout_rooms, uniq_jessica
D:3:      layout_basic, nicolae_overflow_two_pavilions,
          kennysheep_generic_room_13, uniq_ijyb, uniq_robin
D:4:      layout_basic, nicolae_dithmenos_the_darkroom, temple_green,
          minmay_ogre_servants, uniq_edmund

Skill      XL: |  1  2  3  4  5 |
---------------+----------------+-----
Spellcasting   | 1 2 |  2.9
Fighting       | 2 3 |  3.6
Unarmed Combat | 1 2 3 |  3.6
Dodging        | |  2.3
Stealth        | |  1.3
Evocations     | |  3.2

Action                   |  1- 3 |  4- 6 || total
-------------------------+-------+-------++-------
Melee: Unarmed           |    65 |   121 ||   186
       Constrict         |    27 |    28 ||    55
       Tentacles         |    21 |    26 ||    47
       Punch             |     1 |     3 ||     4
Evoke: Wand              |     9 |     6 ||    15
 Stab: Sleeping          |     6 |     4 ||    10
Armor: Skin              |     8 |    31 ||    39
Dodge: Dodged            |    58 |    59 ||   117
